Map: Magannatha LE

Players

ManlyManMeat - Winner!

  • Race: Protoss Protoss
  • League: Platinum
  • Spawn Location: 11:00

Layer

  • Race: Terran Terran
  • Spawn Location: 5:00

VOD

Have the link to the VOD?

Description

Time

  • Played on: June 19, 2025, 11:48 a.m.
  • Length: 13:27
Show
View Real Time Build Order
Export as new Build Order

ManlyManMeat Protoss - Winner!

Build Orders: 1 Gate Expand 

Get SALT Encoding   

  12  0:00  Probe  
  13  0:12  Probe  
  14  0:18  Pylon  
  14  0:24  Probe  
  15  0:32  Probe  
  15  0:41  Gateway  
  16  0:44  Probe  
  16  0:46  Assimilator  
  17  0:56  Probe  
  18  1:04  Probe  
  19  1:12  Probe  
  20  1:27  Nexus  
  20  1:31  Probe  
  21  1:37  Zealot  
  23  1:53  Cybernetics Core  
  23  2:05  Pylon  
  23  2:20  Gateway  
  23  2:23  Stalker  
  23  2:27  Warp Gate  
  23  2:30  Twilight Council  
  25  2:44  Probe x2  
  25  2:49  Stalker  
  28  3:00  Charge  
  28  3:11  Probe  
  28  3:16  Probe  
  29  3:21  Zealot  
  29  3:23  Probe, Zealot  
  34  3:28  Assimilator, Probe  
  35  3:34  Pylon  
  35  3:36  Probe  
  36  3:45  Zealot  
  36  3:46  Stalker  
  40  3:57  Shield Battery  
  40  3:59  Probe x2  
  42  4:13  Stalker  
  42  4:16  Probe x2  
  46  4:17  Assimilator  
  46  4:30  Probe x2  
  48  4:42  Probe x2  
  50  4:46  Zealot  
  50  4:52  Pylon  
  52  4:54  Pylon  
  52  4:55  Robotics Facility  
  52  5:09  Zealot  
  54  5:17  Forge  
  54  5:18  Forge  
  54  5:21  Stalker  
  48  5:31  Protoss Ground Weapons Level 1  
  48  5:41  Protoss Shields Level 1  
  48  5:44  Probe  
  49  5:53  Blink  
  49  5:54  Pylon  
  49  5:56  Probe  
  50  5:58  Stalker x2  
  50  5:59  Warp Prism  
  56  6:20  Photon Cannon  
  52  6:43  Gateway  
  52  6:44  Gateway  
  52  7:04  Stalker x2  
  56  7:23  Nexus  
  49  7:48  Stalker  
  49  7:49  Stalker x3  
  57  7:51  Observer  
  44  8:36  Stalker x4, Probe  
  44  8:39  Probe x2  
  44  8:40  Protoss Ground Weapons Level 2  
  44  8:41  Protoss Ground Armor Level 1  
  55  8:44  Probe  
  55  8:51  Probe  
  55  8:53  Probe  
  50  9:05  Probe  
  45  9:10  Stalker x3  
  45  9:11  Stalker  
  53  9:34  Stalker x4  
  53  9:36  Probe x3  
  53  9:38  Assimilator  
  64  9:40  Assimilator  
  64  10:00  Stalker x2  
  64  10:01  Stalker x2  
  53  10:38  Protoss Ground Armor Level 2  
  53  10:39  Protoss Shields Level 2  
  51  10:44  Probe x3  
  50  10:54  Zealot x3  
  50  10:55  Zealot  
  50  10:56  Probe x3  
  59  11:04  Immortal  
  59  11:08  Probe x3  
  66  11:16  Sentry  
  64  11:32  Probe  
  65  11:37  Immortal  
  65  11:44  Pylon, Probe  
  65  11:46  Pylon  
  70  11:56  Probe  
  70  12:01  Zealot x4  
  77  12:08  Assimilator, Probe  
  80  12:12  Pylon  
  80  12:17  Robotics Bay  
  80  12:23  Zealot x2  
  80  12:29  Gateway  
  84  12:30  Immortal  
  84  12:31  Gateway  
  84  12:32  Gateway  
  84  12:35  Gateway, Probe  
  84  12:36  Probe x2  
  91  12:48  Probe x2  
  93  12:51  Nexus  
  93  13:04  Pylon  
  91  13:07  Pylon  
Show
View Real Time Build Order
Export as new Build Order

Layer Terran 

Build Orders: Reaper Expand 

Get SALT Encoding   

  12  0:00  SCV  
  13  0:12  SCV  
  14  0:18  Supply Depot  
  14  0:27  SCV  
  15  0:41  Barracks  
  15  0:44  Refinery, SCV  
  16  1:02  SCV  
  17  1:11  Refinery  
  17  1:14  SCV  
  18  1:28  SCV  
  18  1:29  Barracks Tech Lab  
  19  1:42  Supply Depot  
  18  1:50  Factory  
  18  1:55  Reaper  
  18  1:59  SCV  
  20  2:24  Command Center  
  20  2:27  SCV  
  21  2:41  Stimpack  
  21  2:47  Factory Reactor  
  21  2:50  Orbital Command  
  20  3:24  Starport, Widow Mine x2  
  24  3:30  Supply Depot  
  24  3:33  SCV  
  25  3:37  Engineering Bay  
  25  3:42  Orbital Command  
  25  3:50  SCV  
  25  3:53  Widow Mine  
  25  3:55  Widow Mine  
  30  4:01  Medivac  
  32  4:09  Missile Turret  
  32  4:24  Orbital Command  
  32  4:44  Cyclone  
  35  4:50  Starport Reactor  
  35  4:52  SCV x2  
  37  5:06  SCV  
  38  5:11  Missile Turret  
  38  5:16  Siege Tank  
  39  5:35  SCV x2  
  35  5:38  Bunker  
  35  5:48  Siege Tank  
  38  5:50  Engineering Bay  
  38  5:55  Supply Depot  
  38  5:57  Supply Depot  
  38  5:59  SCV x2  
  38  6:00  Refinery  
  38  6:03  Refinery, Supply Depot  
  40  6:06  Liberator  
  43  6:11  SCV x2  
  43  6:17  Marine x2  
  47  6:22  Barracks  
  47  6:23  SCV x2  
  42  6:35  Siege Tank  
  42  6:41  Marine x2  
  38  7:01  Marine x2  
  38  7:11  Siege Tank  
  41  7:19  Marine  
  42  7:26  SCV  
  42  7:29  Orbital Command  
  40  7:38  Marine x2  
  42  7:48  Bunker  
  42  7:53  Engineering Bay  
  35  8:33  SCV  
  36  8:35  SCV, Engineering Bay  
  36  8:39  Barracks Reactor  
  37  8:41  Terran Infantry Weapons Level 1  
  37  8:43  Missile Turret  
  37  8:45  SCV  
  37  8:46  Missile Turret  
  37  8:47  Viking x2  
  37  8:48  SCV  
  43  8:58  SCV  
  43  8:59  Barracks  
  43  9:00  SCV  
  31  9:10  SCV  
  31  9:13  Supply Depot, Siege Tank  
  31  9:16  Missile Turret  
  35  9:19  SCV  
  35  9:20  Marine x4  
  35  9:21  Missile Turret  
  35  9:22  SCV  
  41  9:37  Marine  
  41  9:38  Marine x3  
  43  9:55  Marine  
  43  9:56  Marine x3  
  31  10:43  SCV x2, Marine  
  31  10:44  Marine x2  
  33  10:51  Marine  
  33  10:53  Barracks Reactor  
  33  10:54  Barracks  
  33  10:55  SCV  
  35  10:57  Barracks  
  35  10:59  SCV  
  35  11:00  Barracks  
  35  11:01  Marine x2  
  35  11:02  Marine  
  39  11:05  Refinery  
  39  11:07  SCV  
  39  11:09  Marine  
  39  11:24  Medivac  
  39  11:28  Refinery  
  39  11:35  SCV x2  
  41  11:42  Widow Mine  
  43  11:51  Marine x3  
  43  11:52  Marine  
  43  11:53  Barracks Reactor  
  47  11:58  SCV  
  48  12:14  Barracks Tech Lab  
  48  12:15  Marine  
  49  12:16  Marine x3  
  52  12:24  SCV x2  
  54  12:33  Supply Depot  
  54  12:46  Supply Depot  
  54  12:54  Barracks Reactor  
  54  12:55  Medivac, Marine x6  
  62  13:03  Marine  
  60  13:09  Missile Turret  
Tags
 
Add a new tag
Caveats
  • Supply blocks, unpowered buildings, or Contaminate may cause inaccurate times.
  • Supply counts are checked every 10 seconds.